 Dungeon Crawl Stone Soup version 0.29.0-7-g18a832c13a (webtiles) character file.

Game seed: 11738402482644751806

64 sanka the Slasher (level 4, -2/35 HPs)
             Began as a Djinni Chaos Knight on Aug 30, 2022.
             Was a Plaything of Xom.
             Slain by Sigmund
             ... wielding a +0 scythe
              (11 damage)
             ... on level 2 of the Dungeon.
             The game lasted 00:02:25 (1344 turns).

sanka the Slasher (Djinni Chaos Knight)             Turns: 1344, Time: 00:02:26

Health: -2/35      AC:  5    Str: 11    XL:     4   Next: 32%
Gold:   20         EV: 11    Int: 15    God:    Xom [..*...] SH:  0 Dex: 13

rFire   + + .      SeeInvis .   a - +0 falchion (chaos)
rCold   x . .      Faith    .   (no shield)
rNeg    . . .      Spirit   .   b - +2 leather armour
rPois   ∞          Reflect  .   (no helmet)
rElec   .          Harm     .   (no cloak)
rCorr   .          Rampage  .   (no gloves)
Will    .....                   (boots unavailable)
Stlth   +.........              (no amulet)
HPRegen 0.11/turn               (no ring)
MPRegen 0.00/turn               (no ring)

@: flying
A: sickness immunity, fire resistance 2, cold vulnerability 1, float, innate
caster, HP casting, extra vitality 1
a: Renounce Religion


You were on level 2 of the Dungeon.
You worshipped Xom.
You were a toy of Xom.
You visited 1 branch of the dungeon, and saw 2 of its levels.

You collected 20 gold pieces.


Innate Abilities, Weirdness & Mutations

You are immune to sickness and miasma.
You are immune to poison.
Your flesh is very heat resistant. (rF++)
You are vulnerable to cold. (rC-)
You float through the air rather than walking.
You learn spells naturally, not from books.
Your magical power is your life essence.
You have superior vitality. (+4 MHP)


   Skills:
 - Level 3.0 Fighting
 - Level 4.0 Long Blades
 - Level 1.0 Armour
 - Level 2.1 Dodging
 + Level 1.2 Spellcasting


You had 4 spell levels left.
You knew the following spells:

 Your Spells              Type           Power      Damage    Failure   Level
y - Necrotise             Necr           16%        1d4       19%         1
Your spell library was empty.

Inventory:

Hand Weapons
 a - a +0 falchion of chaos (weapon)
 k - a +0 great mace
Armour
 b - a +2 leather armour (worn)
Scrolls
 g - a scroll of identify {unknown}
 i - 2 scrolls of enchant armour {unknown}
 j - a scroll of magic mapping {unknown}
Potions
 d - a potion of ambrosia {unknown}
 e - a potion of mutation {unknown}
 f - a potion of brilliance {unknown}
 h - a potion of resistance {unknown}
Miscellaneous
 c - a piece from Xom's chessboard (15/15) (quivered)

Dungeon Overview and Level Annotations

Branches:
Dungeon (2/15)

Altars:

Annotations:
D:2 Sigmund

......▒.▒.▒▒▒▒▒▒........
▒▒▒▒▒▒...........▒......
........▒..▒.▒▒▒▒▒....▒▒
▒▒▒▒▒▒.▒▒▒...▒ ▒.▒....▒
...▒ ▒.▒ ▒▒?.▒▒▒.▒....▒▒
...▒ ▒.▒▒▒▒?............
...▒ ▒.▒......÷{........
...▒▒▒.▒.....▒▒▒).......
...[▒▒.▒..▒▒.▒ ▒R▒......
..........▒▒.....▒ .....
▒▒.▒▒▒....▒▒.▒▒▒.. ▒...
▒▒.▒▒▒....▒▒.. .... ..
▒▒..†........▒ ▒.▒.▒ .
.............▒ ▒.▒.▒
..▒▒▒▒.......▒ ▒.▒.▒ ..
▒....▒▒▒▒ ▒.▒ ▒ ..
.......


There were no monsters in sight!


Message History

There is a stone staircase leading up here.
You hit the bat.
The bat is poisoned.
The bat is severely wounded.
You kill the bat!
Sigmund closely misses you.
Things that are here:
a +0 dagger; a goblin corpse You barely miss Sigmund.
Sigmund barely misses you.
You hit Sigmund. You drain Sigmund.
Sigmund is moderately wounded.
You hit Sigmund. You burn Sigmund.
Sigmund is moderately wounded.
Sigmund closely misses you.
You hit Sigmund.
Sigmund flickers and vanishes!
Deactivating autopickup; reactivate with Ctrl-A.
Xom is mildly amused.
Something hits you!
You barely miss something. Something hits you!
* * * LOW HITPOINT WARNING * * *
Unknown command.
You hit something. Something hits you but does no damage. Something hits you!
You die...

Action                   |  1- 3 |  4- 6 || total
-------------------------+-------+-------++-------
Melee: Falchion          |    87 |    18 ||   105
       Punch             |     2 |       ||     2
Armor: Leather armour    |    49 |     9 ||    58
Dodge: Dodged            |    67 |    27 ||    94

Levels and vault maps discovered:
D:1:      minmay_arrival_shoal_huts, layout_rooms, palyth_stone_intersect
D:2:      layout_basic, hellmonk_ecumenical_altar_leap_of_faith,
          minmay_misc_feat_nine_boxes, uniq_sigmund

Notes
Turn   | Place    | Note
-------+----------+-------------------------------------------
     0 | D:1      | sanka the Djinni Chaos Knight began the quest for the Orb.
     0 | D:1      | Reached XP level 1. HP: 20/20 MP: 0/0
    24 | D:1      | Reached skill level 3 in Long Blades
   194 | D:1      | Reached XP level 2. HP: 25/25 MP: 0/0
   505 | D:1      | XOM: silly message
   627 | D:1      | XOM: silly message
   641 | D:1      | Reached XP level 3. HP: 18/30 MP: 0/0
   641 | D:1      | Learned a level 1 spell: Necrotise
   765 | D:1      | XOM: silly message
   919 | D:2      | Noticed Sigmund
  1040 | D:2      | XOM: butterfly on damage
  1201 | D:2      | Reached XP level 4. HP: 30/35 MP: 0/0
  1274 | D:2      | XOM: silly message
  1300 | D:1      | Reached skill level 4 in Long Blades
  1300 | D:1      | Reached skill level 1 in Spellcasting
  1344 | D:2      | Slain by Sigmund

Vanquished Creatures
  3 adders
  A worm (D:2)
  6 ball pythons
  6 bats
  4 hobgoblins
  2 kobolds (D:1)
  2 quokkas (D:1)
  A frilled lizard (D:1)
  6 goblins
  A rat (D:1)
32 creatures vanquished.
